 Dungeon Crawl Stone Soup version 0.29-a0-90-gc37658a0fe (webtiles) character file.

Game seed: 6455617218655965071

148810 timneilson the Peltast (level 17, -29/106 HPs)
             Began as a Gargoyle Fighter on Feb 6, 2022.
             Was a High Priest of Okawaru.
             Killed from afar by Roxanne (59 damage)
             ... with a crystal spear
             ... on level 2 of the Snake Pit.
             The game lasted 01:17:01 (35786 turns).

timneilson the Peltast (Gargoyle Fighter)          Turns: 35786, Time: 01:17:02

Health: -29/106    AC: 48    Str: 35    XL:     17   Next: 50%
Magic:  19/24      EV: 12    Int: 13    God:    Okawaru [*****.]
Gold:   2371       SH: 25    Dex:  9    Spells: 16/16 levels left

rFire   + . .      SeeInvis .   G - +5 scimitar (flame)
rCold   . . .      Faith    .   V - +0 tower shield {reflect}
rNeg    + . .      Spirit   .   U - +4 plate armour {rF+}
rPois   ∞          Reflect  +   W - +1 helmet
rElec   +          Harm     .   L - +1 cloak
rCorr   .          Rampage  .   Q - +2 pair of gloves of Ughezxeyze {Str+3 Int+2}
Will    +....                   B - +0 pair of boots
Stlth   ..........              b - amulet of reflection
HPRegen 0.27/turn               s - +6 ring of strength
MPRegen 0.19/turn               P - +4 ring of slaying

@: heroic, finesse-ful, flying
A: sickness immunity, AC +12, big wings, negative energy resistance 1,
electricity resistance, torment resistance 1, petrification resistance
a: Renounce Religion, Heroism, Finesse, Duel


You were on level 2 of the Snake Pit.
You worshipped Okawaru.
Okawaru was extremely pleased with you.
You visited 5 branches of the dungeon, and saw 26 of its levels.
You also visited: Sewer, Ossuary, Ice Cave and Volcano.

You collected 2860 gold pieces.
You spent 489 gold pieces at shops.

Inventory:

Hand Weapons
 G - a +5 scimitar of flaming (weapon)
Missiles
 o - 4 javelins
 q - 11 silver javelins (quivered)
Armour
 f - the +5 tower shield "Agilapri" {Int+2}
   (Okawaru gifted it to you on level 2 of the Snake Pit)

   Int:       It affects your intelligence (+2).
 B - a +0 pair of boots (worn)
 L - a +1 cloak (worn)
 O - a +1 kite shield of cold resistance
 Q - the +2 pair of gloves of Ughezxeyze (worn) {Str+3 Int+2}
   (Okawaru gifted it to you on level 5 of the Lair of Beasts)

   Str:       It affects your strength (+3).
   Int:       It affects your intelligence (+2).
 U - a +4 plate armour of fire resistance (worn)
 V - a +0 tower shield of reflection (worn)
 W - a +1 helmet (worn)
Jewellery
 b - an amulet of reflection (around neck)
 l - a ring of resist corrosion
 p - a ring of positive energy
 s - a +6 ring of strength (left hand)
 z - a ring of fire
 M - the ring "Paixox" {rC+ SInv}
   (You found it on level 3 of the Lair of Beasts)

   [ring of see invisible]

   rC:        It protects you from cold.
   SInv:      It lets you see invisible.
 P - a +4 ring of slaying (right hand)
 T - the ring of Propriety {rN+ Dex+4}
   (You found it in an ice cave)

   [ring of positive energy]

   Dex:       It affects your dexterity (+4).
   rN:        It protects you from negative energy.
Wands
 c - a wand of iceblast (6)
 A - a wand of acid (3)
 C - a wand of mindburst (39)
 F - a wand of flame (9)
Scrolls
 e - 6 scrolls of fog
 h - 2 scrolls of amnesia
 m - 10 scrolls of teleportation
 n - 3 scrolls of blinking
 y - 6 scrolls of fear
 H - 13 scrolls of identify
 I - a scroll of holy word
 N - a scroll of brand weapon
Potions
 d - 5 potions of might
 g - 10 potions of curing
 i - 2 potions of magic
 j - 6 potions of berserk rage
 k - 3 potions of ambrosia
 r - 5 potions of haste
 t - 4 potions of cancellation
 u - 3 potions of lignification
 v - 7 potions of mutation
 w - a potion of resistance
 x - 5 potions of attraction


   Skills:
 + Level 11.7(16.7) Fighting
 * Level 13.3(18.3) Long Blades
 + Level 4.0(9.0) Throwing
 * Level 15.9(20.9) Armour
 + Level 8.5(13.5) Dodging
 * Level 15.9(20.9) Shields
 + Level 9.9 Invocations
 + Level 8.6 Evocations


You had 16 spell levels left.
You didn't know any spells.
Your spell library contained the following spells:

 Spells                   Type           Power      Damage    Failure   Level
 Freeze                   Ice            0%         1d3       88%         1
 Magic Dart               Conj           0%         1d3       88%         1
 Pain                     Necr           0%         1d4       88%         1
 Slow                     Hex            0%         N/A       88%         1
 Corpse Rot               Necr/Air       0%         N/A       96%         2
 Poisonous Vapours        Pois/Air       0%         N/A       96%         2
 Searing Ray              Conj           0%         2d4       96%         2
 Confusing Touch          Hex            0%         N/A       99%         3
 Frozen Ramparts          Ice            0%         1d2       99%         3
 Ozocubu's Armour         Ice            0%         N/A       99%         3
 Portal Projectile        Hex/Tloc       0%         N/A       99%         3
 Vampiric Draining        Necr           0%         2d6       99%         3
 Fulminant Prism          Conj/Hex       0%         3d6       100%        4
 Hailstorm                Conj/Ice       0%         3d3       100%        4
 Ice Form                 Ice/Tmut       0%         N/A       100%        4
 Iskenderun's Mystic Bla  Conj/Tloc      0%         2d3       100%        4
 Leda's Liquefaction      Hex/Erth       0%         N/A       100%        4
 Passage of Golubria      Tloc           0%         N/A       100%        4
 Lee's Rapid Deconstruct  Erth           0%         3d5*      100%        5
 Silence                  Hex/Air        0%         N/A       100%        5
 Ozocubu's Refrigeration  Ice            0%         4d5       100%        7
 Lehudib's Crystal Spear  Conj/Erth      0%         10d2      100%        8
 Animate Skeleton         Necr           Unusable   N/A       N/A         1
 Call Canine Familiar     Summ           Unusable   N/A       N/A         3
 Summon Ice Beast         Ice/Summ       Unusable   N/A       N/A         4
 Simulacrum               Ice/Necr       Unusable   N/A       N/A         6

Dungeon Overview and Level Annotations

Branches:
Dungeon (15/15)            Temple (1/1) D:7            Lair (6/6) D:9
 Shoals (0/4) Lair:2        Snake (2/4) Lair:4        Slime (0/5) Lair:6
    Orc (2/2) D:10            Elf (0/3) Orc:2        Vaults (0/5) D:13
 Depths (0/4) D:15          Sewer (visited)         Ossuary (visited)
  IceCv (visited)         Volcano (visited)

Altars:
Ashenzari
Cheibriados
Dithmenos
Elyvilon
Fedhas
Gozag
Hepliaklqana
Kikubaaqudgha
Makhleb
Nemelex Xobeh
Okawaru
Qazlal
Ru
Sif Muna
Trog
Uskayaw
Vehumet
Wu Jian
Xom
Yredelemnul
Zin
The Shining One
Beogh
Jiyva

Shops:
D:6 [   D:10 ![   Orc:2 [*=(

Annotations:
Lair:4 exclusion: oklob plant
Snake:2 Roxanne


Innate Abilities, Weirdness & Mutations

You are immune to sickness and miasma.
Your stone body is resilient. (AC +12)
You are immune to poison.
Your large and strong wings let you fly.
You resist negative energy. (rN+)
You are resistant to electric shocks. (rElec)
You are resistant to unholy torment.
You are immune to petrification.


Message History

Things that are here:
a +0 robe; a +0 whip
Things that are here:
a +0 robe; a +0 dagger; a +0 battleaxe You see here a +0 trident.
You see here a +0 club.
You see here a +0 trident.
You can now deal lightning-fast blows.
You gain the combat prowess of a mighty hero.
Really fly into a travel-excluded area?
Roxanne mumbles some strange words.
The bolt of magma hits you!! You partially resist.
Roxanne casts a spell.
The crystal spear hits you!!!
Roxanne casts a spell.
The bolt of magma hits you. You partially resist.
* * * LOW HITPOINT WARNING * * *
You slice Roxanne!! You burn Roxanne.
Roxanne is lightly damaged.
Okay, then.
You slash Roxanne!
Roxanne is lightly damaged.
You completely miss Roxanne.
Roxanne is lightly damaged.
You hit Roxanne but do no damage.
Roxanne is lightly damaged.
You slice Roxanne!! You burn Roxanne.
Roxanne is moderately damaged.
You slice Roxanne!! You burn Roxanne.
Roxanne is heavily damaged.
Roxanne casts a spell.
The bolt of magma misses you.
You slash Roxanne! You burn Roxanne.
Roxanne is heavily damaged.
You hit Roxanne.
Roxanne is heavily damaged.
Roxanne casts a spell.
The crystal spear hits you!!!
Ouch! That really hurt!
You die...

##....# #.....#
#..#### #..# #..#
..## ##### ..#
#...## .####
#####....#
....#######.....@8.#
.....##...#.#.....(#
.....##...........##
.#..)).......#...##
.....####....#####
.#######.....# .#
#....### ## #....#
## ##....#


You could see Roxanne.

Vanquished Creatures
  A lich (IceCv)
  Rupert (D:12)
  Gastronok (Lair:3)
  An orc warlord (Orc:2)
  Aizul (Snake:2)
  2 stone giants
  Nessos (Lair:4)
  The ghost of robertstho the Brawler, a journeyman TrDe of Qazlal (Lair:2)
  A fire dragon (D:13)
  Josephine (Lair:5)
  A salamander tyrant (Snake:2)
  4 naga warriors
  13 hydras
  4 boulder beetles
  A caustic shrike simulacrum (IceCv)
  Erica (D:8)
  4 centaur warriors
  2 anacondas
  A catoblepas (Lair:6)
  3 two-headed ogres
  An alligator (Lair:6)
  8 death yaks
  2 dancing weapons
  The ghost of miscthings the Thaumaturge, a journeyman DjCj of Gozag (D:10)
  A tengu warrior (D:15)
  Urug (Lair:5)
  18 naga sharpshooters
  A shock serpent (Snake:2)
  An orc high priest (Orc:2)
  Sonja (Lair:5)
  Nergalle (Lair:4)
  An iron troll (D:13)
  A salamander mystic (Snake:2)
  A naga ritualist (Snake:1)
  2 bog bodies (IceCv)
  A lindwurm (Lair:6)
  3 sea snakes (Snake:1)
  A necromancer (IceCv)
  An obsidian statue (IceCv)
  5 orc knights
  A wolf spider (Lair:6)
  8 mana vipers
  A manticore (D:13)
  9 salamanders
  3 orc sorcerers
  16 slime creatures
  8 ugly things
  6 cyclopes
  A merfolk siren (Lair:2)
  8 elephants
  A guardian serpent (D:14)
  Maurice (D:9)
  2 molten gargoyles (Volcano)
  7 naga magi
  2 torpor snails
  14 black mambas
  3 gargoyles
  8 cane toads
  21 freezing wraiths (IceCv)
  3 rime drakes
  3 unseen horrors
  A kobold demonologist (D:9)
  4 anaconda simulacra (IceCv)
  3 merfolk (Lair:2)
  2 ice devils (IceCv)
  2 efreet
  8 komodo dragons
  A meliai (shapeshifter) (D:13)
  A golden dragon simulacrum (IceCv)
  Grinder (D:4)
  10 polar bears
  A hornet (D:7)
  8 trolls
  24 blink frogs
  8 raiju (Lair:6)
  2 meliai zombies (D:11)
  18 dream sheep
  2 shadows
  5 wyverns
  A spriggan (shapeshifter) (D:14)
  3 dire elephant simulacra (IceCv)
  5 wraiths
  2 fire bats (Volcano)
  2 vampires
  59 yaks
  A steam dragon (D:7)
  3 fire elementals (Volcano)
  A golden eye (shapeshifter) (D:13)
  4 basilisks
  6 wargs
  Grum (D:8)
  4 harpy simulacra
  2 minotaur simulacra (IceCv)
  21 nagas
  6 vampire mosquitoes (D:12)
  2 hydra simulacra (IceCv)
  9 hell hounds (Lair:6)
  3 acid dragons
  16 water moccasins
  37 orc warriors
  An ettin simulacrum (IceCv)
  An alligator simulacrum (IceCv)
  17 black bears
  A sky beast (D:5)
  3 ogres
  3 centaurs
  25 wolves
  A phantom (D:6)
  An elf zombie (D:5)
  3 kobold brigands
  11 bullfrogs
  A gnoll sergeant (D:7)
  Blork the orc (D:5)
  A wyvern zombie (D:4)
  2 deep troll simulacra (IceCv)
  6 scorpions (Ossuary)
  A wyvern skeleton (D:7)
  An elf skeleton (D:5)
  A water moccasin skeleton (D:8)
  3 lindwurm simulacra (IceCv)
  10 killer bees
  3 wights
  6 electric eels
  4 howler monkeys
  7 lava snakes (Volcano)
  A crimson imp (D:5)
  3 centaur zombies
  3 hounds
  3 human zombies (Ossuary)
  2 jellies
  A centaur skeleton (D:4)
  20 orc priests
  21 orc wizards
  4 human skeletons (D:5)
  4 scorpion zombies (Ossuary)
  A killer bee zombie (D:9)
  A hound skeleton (D:4)
  3 mummies (Ossuary)
  6 gnolls
  10 adders
  4 river rats (Sewer)
  A shadow imp (D:7)
  A white imp (D:5)
  An ufetubus (D:7)
  3 worms
  7 dart slugs
  79 orcs
  14 ball pythons
  6 bats
  8 endoplasms
  4 giant cockroaches
  8 goblins
  7 hobgoblins
  2 jackals (D:4)
  2 quokkas
  3 frilled lizards
  A gnoll zombie (Ossuary)
  5 goblin zombies (Ossuary)
  4 hobgoblin zombies (Ossuary)
  15 kobolds
  An orc zombie (Ossuary)
  9 rats
894 creatures vanquished.

Vanquished Creatures (others)
  A salamander mystic (Snake:1)
  20 fungi
  38 plants
59 creatures vanquished.

Grand Total: 953 creatures vanquished

Notes
Turn   | Place    | Note
-------+----------+-------------------------------------------
     0 | D:1      | timneilson the Gargoyle Fighter began the quest for the
                  | Orb.
     0 | D:1      | Reached XP level 1. HP: 14/14 MP: 1/1
   129 | D:1      | Reached XP level 2. HP: 19/19 MP: 2/2
   536 | D:1      | Found a faded altar of an unknown god.
   626 | D:1      | Reached XP level 3. HP: 20/23 MP: 3/3
  1837 | D:2      | Found a radiant altar of Vehumet.
  1879 | D:2      | Reached XP level 4. HP: 20/28 MP: 4/4
  2510 | D:2      | Reached skill level 1 in Dodging
  2633 | D:3      | Found a glowing drain.
  2663 | Sewer    | Entered a sewer
  2690 | Sewer    | Reached XP level 5. HP: 28/32 MP: 5/5
  3005 | Sewer    | Noticed a kobold brigand
  3033 | Sewer    | Killed a kobold brigand
  3194 | Sewer    | Reached XP level 6. HP: 25/38 MP: 6/6
  3832 | D:3      | Found a shadowy altar of Dithmenos.
  4460 | D:4      | Noticed Grinder
  4462 | D:4      | Paralysed by Grinder for 4 turns
  4486 | D:4      | Killed Grinder
  4487 | D:4      | Reached skill level 5 in Armour
  4487 | D:4      | Reached skill level 5 in Shields
  4487 | D:4      | Reached XP level 7. HP: 4/43 MP: 7/7
  5473 | D:5      | Entered Level 5 of the Dungeon
  5574 | D:5      | Reached XP level 8. HP: 22/48 MP: 8/8
  5620 | D:5      | Found a sand-covered staircase.
  5814 | Ossuary  | Entered an ossuary
  6148 | Ossuary  | Reached skill level 5 in Long Blades
  6157 | Ossuary  | Reached skill level 5 in Fighting
  6241 | Ossuary  | Reached XP level 9. HP: 28/54 MP: 9/9
  6466 | D:5      | Noticed Blork the orc
  6473 | D:5      | Killed Blork the orc
  6526 | D:5      | Found a snail-covered altar of Cheibriados.
  6909 | D:5      | Found a stormy altar of Qazlal.
  7348 | D:6      | Found a blossoming altar of Fedhas.
  7354 | D:6      | Found a shimmering altar of Xom.
  7443 | D:6      | Found Utyum's Antique Armour Boutique.
  8064 | D:7      | Found a bloodstained altar of Trog.
  8172 | D:7      | Noticed a hornet
  8183 | D:7      | Killed a hornet
  8217 | D:7      | Reached skill level 1 in Evocations
  8251 | D:7      | Reached XP level 10. HP: 35/60 MP: 10/10
  8519 | D:7      | Found a staircase to the Ecumenical Temple.
  8547 | Temple   | Entered the Ecumenical Temple
  8704 | Temple   | Became a worshipper of Warmaster Okawaru
  9086 | D:7      | Reached * piety under Okawaru
  9094 | D:7      | Reached skill level 1 in Invocations
  9185 | D:7      | Found a sparkling altar of Nemelex Xobeh.
  9185 | D:7      | Found an ornate altar of the Wu Jian Council.
 10607 | D:8      | Noticed Grum
 10633 | D:8      | Killed Grum
 10633 | D:8      | Reached ** piety under Okawaru
 10972 | D:8      | Noticed Erica
 10988 | D:8      | Killed Erica
 11118 | D:8      | Noticed a two-headed ogre
 11121 | D:8      | Reached XP level 11. HP: 66/66 MP: 9/12
 11171 | D:8      | Identified the +6 great sword of Wapiawk {speed, Fly Dex+4}
 11292 | D:8      | Killed a two-headed ogre
 11735 | D:9      | Found a staircase to the Lair.
 11735 | D:9      | Noticed a death yak
 11830 | D:9      | Reached *** piety under Okawaru
 12041 | D:9      | Killed a death yak
 12461 | D:9      | Reached skill level 10 in Shields
 12776 | D:9      | Reached skill level 10 in Armour
 12806 | D:9      | Noticed Maurice
 12840 | D:9      | Killed Maurice
 12959 | D:10     | Entered Level 10 of the Dungeon
 13075 | D:10     | Reached **** piety under Okawaru
 13084 | D:10     | Found a staircase to the Orcish Mines.
 13151 | D:10     | Found Ryaneh's Antique Armour Shop.
 13290 | D:10     | Found Jitav's Distillery.
 13419 | D:10     | Found a runed translucent door.
 13424 | D:10     | Found a shimmering altar of Xom.
 13424 | D:10     | Noticed miscthings's ghost (journeyman DjCj)
 13425 | D:10     | Noticed a +1 trident of chaos
 13616 | D:10     | Reached skill level 5 in Dodging
 13708 | D:10     | Found a burning altar of Makhleb.
 13905 | D:11     | Noticed a cyclops
 13915 | D:11     | Killed a cyclops
 13924 | D:11     | Noticed an eight-headed hydra
 13924 | D:11     | Noticed a two-headed ogre
 13932 | D:11     | Noticed a four-headed hydra
 13936 | D:11     | Killed a two-headed ogre
 13937 | D:11     | Reached XP level 12. HP: 13/73 MP: 13/15
 14021 | Lair:1   | Entered Level 1 of the Lair of Beasts
 14281 | Lair:1   | Reached ***** piety under Okawaru
 14450 | Lair:1   | Identified the +1 swamp dragon scales "Goarch" {rPois Will+
                  | Int-3 Slay+3} (Okawaru gifted it to you on level 1 of the
                  | Lair of Beasts)
 14450 | Lair:1   | Received a gift from Okawaru
 14769 | Lair:1   | Noticed a five-headed hydra
 14776 | Lair:1   | Killed a one-headed hydra
 14977 | Lair:2   | Reached skill level 5 in Invocations
 15060 | Lair:2   | Found a runed translucent door.
 15061 | Lair:2   | Found a shimmering altar of Xom.
 15061 | Lair:2   | Noticed robertstho's ghost (journeyman TrDe)
 15061 | Lair:2   | Noticed a six-headed hydra
 15070 | Lair:2   | Killed a two-headed hydra
 15190 | Lair:2   | Found a staircase to the Shoals.
 16623 | Lair:3   | Reached skill level 5 in Evocations
 16627 | Lair:3   | Reached XP level 13. HP: 45/79 MP: 17/17
 16638 | Lair:3   | Identified the ring "Paixox" {rC+ SInv}
 16909 | Lair:3   | Noticed Gastronok
 16913 | Lair:3   | Found a dark tunnel.
 16929 | Lair:3   | Killed Gastronok
 16959 | Volcano  | Entered a volcano
 17204 | Volcano  | Found a bloodstained altar of Trog.
 17218 | Volcano  | Identified the +0 steam dragon scales of the Swan {Harm
                  | Rampage} (Okawaru gifted it to you in a volcano)
 17218 | Volcano  | Received a gift from Okawaru
 17239 | Volcano  | Noticed a stone giant
 17256 | Volcano  | Killed a stone giant
 17929 | Volcano  | Reached skill level 10 in Long Blades
 19407 | Lair:4   | Noticed Nergalle
 19415 | Lair:4   | Killed Nergalle
 19607 | Lair:4   | Found a blossoming altar of Fedhas.
 19751 | Lair:4   | Found a staircase to the Snake Pit.
 19994 | Lair:4   | Noticed Nessos
 20025 | Lair:4   | Killed Nessos
 20643 | Lair:5   | Found an iron altar of Okawaru.
 20693 | Lair:5   | Noticed Sonja
 20715 | Lair:5   | Killed Sonja
 20831 | Lair:5   | Reached ****** piety under Okawaru
 20831 | Lair:5   | Identified the +2 pair of gloves of Ughezxeyze {Str+3
                  | Int+2} (Okawaru gifted it to you on level 5 of the Lair of
                  | Beasts)
 20831 | Lair:5   | Received a gift from Okawaru
 20832 | Lair:5   | Gained mutation: Your large and strong wings let you fly.
                  | [Gargoyle growth]
 20832 | Lair:5   | Reached XP level 14. HP: 81/86 MP: 19/19
 20835 | Lair:5   | Noticed Urug
 20849 | Lair:5   | Killed Urug
 20902 | Lair:5   | Noticed Josephine
 20919 | Lair:5   | Killed Josephine
 21805 | Lair:6   | Entered Level 6 of the Lair of Beasts
 22072 | Lair:6   | Found a staircase to the Slime Pits.
 22072 | Lair:6   | Found a viscous altar of Jiyva.
 22796 | Lair:6   | Reached skill level 10 in Fighting
 23031 | Lair:6   | Reached XP level 15. HP: 92/92 MP: 20/20
 23200 | Lair:6   | Received a gift from Okawaru
 23755 | Orc:1    | Entered Level 1 of the Orcish Mines
 24097 | Orc:2    | Entered Level 2 of the Orcish Mines
 24272 | Orc:2    | Noticed an orc warlord
 24303 | Orc:2    | Killed an orc warlord
 24504 | Orc:2    | Found a staircase to the Elven Halls.
 24998 | Orc:2    | Found Warph's Antique Weapon Shop.
 25022 | Orc:2    | Found Rocseo's Jewellery Shop.
 25030 | Orc:2    | Bought an amulet of reflection for 450 gold pieces
 25083 | Orc:2    | Found Pikuhal's Antique Armour Shop.
 25211 | Orc:2    | Found Komochiu's General Store.
 25218 | Orc:2    | Bought a scroll of teleportation for 39 gold pieces
 25859 | D:10     | Killed miscthings's ghost
 26499 | D:11     | Received a gift from Okawaru
 26836 | Lair:2   | Killed robertstho's ghost
 27046 | D:12     | Noticed Rupert
 27046 | D:12     | Paralysed by Rupert for 6 turns
 27067 | D:12     | Killed Rupert
 27556 | D:12     | Received a gift from Okawaru
 28584 | D:13     | Received a gift from Okawaru
 28602 | D:13     | Found a gate to the Vaults.
 28817 | D:13     | Reached skill level 1 in Throwing
 29160 | D:14     | Reached XP level 16. HP: 99/99 MP: 22/22
 29173 | D:14     | Found a frozen archway.
 29177 | IceCv    | Entered an ice cave
 29585 | IceCv    | Found an ancient bone altar of Kikubaaqudgha.
 29863 | IceCv    | Noticed a lich
 29868 | IceCv    | Killed a lich
 29868 | IceCv    | Identified the +0 pair of gloves "Samabr Tiaki" {Harm rCorr
                  | Int+2} (Okawaru gifted it to you in an ice cave)
 29868 | IceCv    | Received a gift from Okawaru
 29888 | IceCv    | Identified the -4 pair of gloves of a volcano {Will+ Dex+7}
 29898 | IceCv    | Identified the ring of Propriety {rN+ Dex+4}
 30075 | D:14     | Found an iron altar of Okawaru.
 30143 | D:14     | Reached skill level 15 in Armour
 30143 | D:14     | Reached skill level 15 in Shields
 31063 | D:15     | Entered Level 15 of the Dungeon
 31418 | D:15     | Found a hazy altar of Hepliaklqana.
 31496 | D:15     | Found a staircase to the Depths.
 32195 | Snake:1  | Entered Level 1 of the Snake Pit
 33274 | Snake:1  | Received a gift from Okawaru
 33286 | Snake:1  | Reached XP level 17. HP: 88/104 MP: 24/24
 33847 | Snake:1  | Received a gift from Okawaru
 34962 | Snake:2  | Noticed Aizul
 34976 | Snake:2  | Killed Aizul
 34998 | Snake:2  | Identified the +5 tower shield "Agilapri" {Int+2} (Okawaru
                  | gifted it to you on level 2 of the Snake Pit)
 34998 | Snake:2  | Received a gift from Okawaru
 35472 | Snake:2  | Noticed Roxanne
 35786 | Snake:2  | Killed from afar by Roxanne

Illustrated notes

Levels and vault maps discovered:
D:1:      kennysheep_arrival_forest, layout_basic, basic_ecumenical_altar
D:2:      layout_basic, basic_altar, st_stairs_13
D:3:      layout_basic, nicolae_dithmenos_the_darkroom,
          cheibrodos_sewer_entry_sluice
D:4:      layout_cave_pools, minmay_snake_closets, uniq_grinder
D:5:      layout_gridville, mainiacjoe_overflow_alcove_2, old_standard_altar,
          nicolae_ossuary_entry_catacombs, minmay_fire_ice_demons,
          uniq_blork_the_orc
D:6:      layout_loops_corners, grunt_temple_overflow_open, serial_shops, shop,
          kennysheep_minor_cross
D:7:      layout_basic, trog_ov_bears_minmay, gammafunk_temple_overflow_statue,
          minmay_temple_entry_offerings
D:8:      layout_cave_pods, uniq_erica, uniq_grum
D:9:      layout_small_grid, david_lair_generic, hangedman_abyss_or_decor_stabs,
          minivault_19, uniq_maurice
D:10:     layout_irregular_city, kennysheep_little_box, hiddenorc1_lemuel,
          ebering_ghost_xom, serial_shops, shop, shop
D:11:     layout_big_octagon
D:12:     layout_gridville, minmay_between, uniq_rupert
D:13:     layout_irregular_city, david_vaults_4, nicolae_figureground_sparkle
D:14:     layout_roguey [special_room_orc], okawaru_metal_pillars_1_2,
          portal_ice_cave_entry_pillars_three, nrook_guardian_serpent_double
D:15:     grunt_enter_depths_giant_problem, layout_basic,
          nicolae_hepliaklqana_hippocampus, minmay_fountain_box
Temple:   nicolae_temple_figure_eight
Lair:1:   layout_misc_corridors
Lair:2:   layout_layer_cave, elwin_shoals_entry_stream, ebering_ghost_xom,
          serial_bayou_shore_a, grunt_megastairs_4
Lair:3:   layout_roguey, enter_volcano_1, minivault_11, uniq_gastronok
Lair:4:   layout_cave_shapes, guppyfry_snake_entry_garden, tgw_fedhas,
          uniq_nessos, uniq_nergalle
Lair:5:   layout_loops_ring, basic_altar, cheibrodos_lair_caveside_slide,
          grunt_megastairs_2, serial_bayou_shore_b, uniq_josephine, uniq_sonja,
          uniq_urug
Lair:6:   hangedman_lair_caniforms_friends, layout_layer_cave, slime_altar_1,
          minmay_shattered_shrine, grunt_megastairs_5
Snake:1:  nicolae_snake_shooting_gallery, layout_onion_interference,
          nicolae_coiled_stairwell_down
Snake:2:  layout_misc_corridors, uniq_aizul, uniq_roxanne
Orc:1:    layout_caves
Orc:2:    grunt_orc_cross, layout_diamond_mine

Skill      XL: |  1  2  3  4  5  6  7  8  9 10 11 12 13 14 15 16 17 |
---------------+----------------------------------------------------+-----
Long Blades    | 2 3 4 5 6 7 8 9 10 11 12 13 | 13.3
Armour         | 4 5 6 8 9 10 11 12 13 14 15 | 15.9
Shields        | 4 5 6 8 9 10 11 12 13 14 15 | 15.9
Dodging        | 1 2 3 4 5 6 7 8 |  8.5
Fighting       | 4 5 6 7 8 9 10 11 | 11.7
Evocations     | 1 3 4 5 6 7 8 |  8.6
Invocations    | 2 4 5 6 7 8 9 |  9.9
Throwing       | 1 3 4 |  4.0

Action                   |  1- 3 |  4- 6 |  7- 9 | 10-12 | 13-15 | 16-18 || total
-------------------------+-------+-------+-------+-------+-------+-------++-------
Melee: Long sword        |   115 |   296 |   424 |   212 |       |       ||  1047
       Scimitar          |       |       |       |   490 |  1208 |   769 ||  2467
Invok: Heroism           |       |       |       |    19 |    28 |    22 ||    69
       Finesse           |       |       |       |     1 |     6 |     7 ||    14
Evoke: Wand              |       |       |       |     1 |     5 |     1 ||     7
  Use: Scroll            |     4 |     7 |     9 |    10 |     2 |     1 ||    33
       Potion            |       |       |       |     2 |     1 |     3 ||     6
 Stab: Distracted        |       |       |       |       |       |     1 ||     1
Armor: Scale mail        |    51 |   157 |   252 |   140 |       |       ||   600
       Plate armour      |       |       |       |   198 |   615 |   341 ||  1154
Dodge: Dodged            |    52 |   178 |   223 |   328 |   389 |   184 ||  1354
Block: Buckler           |    21 |    52 |   106 |       |       |       ||   179
       Kite shield       |       |       |       |   491 |   954 |   536 ||  1981
       Reflection        |       |       |       |       |     7 |    94 ||   101
       Tower shield      |       |       |       |       |       |   268 ||   268

Table legend: (Time is in decaauts)
 A = Elapsed time spent in this place.
 B = Non-inter-level travel time spent in this place.
 C = Inter-level travel time spent in this place.
 D = Time resting spent in this place.
 E = Time spent auto-exploring this place.
 F = Levels seen in this place.
 G = Mean time per level.
                   A        B        C        D        E       F      G
               +--------+--------+--------+--------+--------+-----+--------+
         Total |  35780 |  34148 |   1632 |   2448 |  22494 |  30 | 1192.7 |
       Dungeon |  17583 |  16635 |    948 |    852 |  11760 |  15 | 1172.2 |
        Temple |    236 |    225 |     11 |      0 |    215 |   1 |  236.0 |
          Lair |   8715 |   8179 |    536 |    657 |   5698 |   6 | 1452.5 |
     Snake Pit |   3200 |   3110 |     90 |    545 |   1636 |   2 | 1600.0 |
  Orcish Mines |   1983 |   1938 |     45 |      0 |   1078 |   2 |  991.5 |
         Sewer |   1261 |   1261 |      0 |      0 |    950 |   1 | 1261.0 |
       Ossuary |    655 |    655 |      0 |      0 |    352 |   1 |  655.0 |
      Ice Cave |    791 |    791 |      0 |    122 |    171 |   1 |  791.0 |
       Volcano |   1351 |   1351 |      0 |    272 |    633 |   1 | 1351.0 |
               +--------+--------+--------+--------+--------+-----+--------+

Top non-repeatable levels by time:
 Snake:1: 2329 daAuts
     D:8: 1895 daAuts
     D:7: 1811 daAuts
  Lair:6: 1803 daAuts
  Lair:4: 1725 daAuts
  Lair:2: 1677 daAuts
   Orc:2: 1487 daAuts
     D:9: 1372 daAuts
 Volcano: 1351 daAuts
    D:10: 1351 daAuts
     D:1: 1345 daAuts
     D:2: 1312 daAuts
  Lair:3: 1307 daAuts
  Lair:5: 1285 daAuts
   Sewer: 1261 daAuts
